 Dungeon Crawl Stone Soup version 0.30.0-29-ga12c61a403 (webtiles) character file.

Game seed: 10552265553439867046

226 Sabo the Chopper (level 6, -3/39 HPs)
             Began as a Gargoyle Monk on June 26, 2023.
             Slain by Pikel
             ... wielding a +1 whip of electrocution
              (7 damage)
             ... on level 4 of the Dungeon.
             The game lasted 00:17:08 (3462 turns).

Sabo the Chopper (Gargoyle Monk)                    Turns: 3462, Time: 00:17:08

Health: -3/39      AC: 11    Str: 23    XL:     6   Next: 1%
Magic:  6/6        EV: 11    Int: 10    God:
Gold:   132        SH:  0    Dex: 12    Spells: 5/5 levels left

rFire   + . .        a - +0 hand axe
rCold   . . .        d - orb {light}
rNeg    + . .        l - +1 ring mail {rF+}
rPois   ∞            (no helmet)
rElec   +            p - +0 cloak
rCorr   .            (no gloves)
SInv    .            (no boots)
Will    .....        (no amulet)
Stlth   +            o - +6 ring of strength
HPRegen 0.26/turn    (no ring)
MPRegen 0.10/turn

%: no passive effects
@: glowing
A: sickness immunity, AC +4, negative energy resistance 1, electricity
resistance, torment resistance 1, petrification resistance
a: no special abilities


You were on level 4 of the Dungeon.
You visited 1 branch of the dungeon, and saw 4 of its levels.

You collected 132 gold pieces.

Inventory:

Hand Weapons
 a - a +0 hand axe (weapon)
 t - a +3 short sword
Missiles
 f - 6 boomerangs (quivered)
Armour
 d - an orb of light (worn)
 l - a +1 ring mail of fire resistance (worn)
 p - a +0 cloak (worn)
Jewellery
 o - a +6 ring of strength (left hand)
Wands
 q - a wand of roots (5)
 s - a wand of flame (11)
Scrolls
 b - a scroll of noise {unknown}
 e - 4 scrolls of silence {unknown}
 i - 4 scrolls of blinking
 k - 2 scrolls of teleportation {unknown}
 m - a scroll of torment {unknown}
 u - a scroll of amnesia {unknown}
 v - a scroll of identify {unknown}
 w - a scroll of magic mapping {unknown}
Potions
 c - a potion of ambrosia
 g - 2 potions of heal wounds {unknown}
 h - 5 potions of curing {unknown}
 j - 2 potions of brilliance {unknown}
 n - a potion of cancellation {unknown}
 r - a potion of degeneration {unknown}
 x - 2 potions of attraction {unknown}


   Skills:
 + Level 4.4 Fighting
 + Level 4.5 Axes
 + Level 2.0 Armour
 + Level 3.0 Dodging
 + Level 0.2 Stealth


You had 5 spell levels left.
You didn't know any spells.
Your spell library contained the following spells:

 Spells                   Type           Power      Damage    Failure   Level
 Ensorcelled Hibernation  Hex/Ice        0%         N/A       65%         2
 Passwall                 Tmut/Erth      0%         N/A       65%         2
 Wereblood                Tmut           0%         N/A       65%         2
 Swiftness                Air            0%         N/A       87%         3
 Summon Hydra             Summ           0%         N/A       100%        7
 Sublimation of Blood     Necr           Unusable   N/A       N/A         2

Dungeon Overview and Level Annotations

Branches:
Dungeon (4/15)
 Temple: D:4-7

Altars:
Cheibriados
Okawaru
Lugonu

Shops:
D:4 ([

Portals:
Abyss: D:3

Annotations:
D:4 Pikel


Innate Abilities, Weirdness & Mutations

You are immune to sickness and miasma.
Your stone body is resilient. (AC +4)
You are immune to poison.
You resist negative energy. (rN+)
You are resistant to electric shocks. (rElec)
You are resistant to unholy torment.
You are immune to petrification.


Message History

You hit the lemure.
The lemure is heavily wounded.
The lemure barely misses you.
You completely miss the lemure.
The lemure is heavily wounded.
The lemure hits you.
You hit the lemure but do no damage.
The lemure is heavily wounded.
You barely miss Pikel. You hit Pikel but do no damage.
Pikel completely misses you.
You closely miss Pikel.
Pikel hits you with a +1 whip of electrocution. x2
You barely miss Pikel. Pikel completely misses you.
You closely miss Pikel. Pikel closely misses you.
You barely miss Pikel.
Pikel hits you with a +1 whip of electrocution.
You slash Pikel!
Pikel is lightly wounded.
Pikel hits you but does no damage.
You barely miss Pikel.
Pikel is lightly wounded.
Pikel hits you with a +1 whip of electrocution!
You closely miss Pikel.
Pikel is lightly wounded.
Pikel closely misses you.
You hit Pikel.
Pikel is moderately wounded.
Pikel hits you but does no damage.
You barely miss Pikel.
Pikel is moderately wounded.
Pikel hits you with a +1 whip of electrocution!
* * * LOW HITPOINT WARNING * * *
You hit Pikel but do no damage.
Pikel is moderately wounded.
Pikel hits you with a +1 whip of electrocution.
* * * LOW HITPOINT WARNING * * *
You barely miss Pikel.
Pikel is moderately wounded.
Pikel hits you with a +1 whip of electrocution!
You die...

#......##
#.....## ####..#
#..# #..# #..#
#..# # #.## ##
#@# ###. ##K#
###..∩ #55#
###..... #.#55#
##.....## #...J#
###....####
#....# ###....###
#
#......###....###
#
#............###
#
#..............##


You could see Pikel, 4 lemures and an endoplasm.

Vanquished Creatures
  A scorpion (D:4)
  Jessica (D:3)
  A mummy (D:3)
  5 adders
  An ufetubus (D:4)
  A worm (D:3)
  2 dart slugs (D:1)
  8 ball pythons
  8 endoplasms
  8 goblins
  8 hobgoblins
  2 jackals (D:1)
  2 quokkas
  8 bats
  2 frilled lizards
  8 kobolds
  2 rats (D:2)
68 creatures vanquished.

Vanquished Creatures (others)
  2 lurking horrors (D:3)
2 creatures vanquished.

Grand Total: 70 creatures vanquished

Notes
Turn   | Place    | Note
-------+----------+-------------------------------------------
     0 | D:1      | Sabo the Gargoyle Monk began the quest for the Orb.
     0 | D:1      | Reached XP level 1. HP: 14/14 MP: 1/1
   301 | D:1      | Reached XP level 2. HP: 19/19 MP: 2/2
   592 | D:1      | Reached XP level 3. HP: 24/24 MP: 3/3
  1609 | D:2      | Reached XP level 4. HP: 26/29 MP: 4/4
  2154 | D:3      | Found a snail-covered altar of Cheibriados.
  2167 | D:3      | Reached skill level 1 in Armour
  2354 | D:3      | Noticed Jessica
  2363 | D:3      | Killed Jessica
  2364 | D:3      | Reached XP level 5. HP: 27/33 MP: 5/5
  2387 | D:3      | Found an iron altar of Okawaru.
  2492 | D:3      | Found a corrupted altar of Lugonu.
  2492 | D:3      | Found a one-way gate to the infinite horrors of the Abyss.
  3277 | D:4      | Found Woopecs's Antique Weapon Emporium.
  3283 | D:4      | Found Kuwoty's Antique Armour Boutique.
  3429 | D:4      | Noticed a lemure
  3429 | D:4      | Noticed a lemure
  3430 | D:4      | Noticed a lemure
  3431 | D:4      | Noticed Pikel
  3431 | D:4      | Noticed a lemure
  3443 | D:4      | Reached XP level 6. HP: 39/39 MP: 6/6
  3462 | D:4      | Slain by Pikel

Illustrated notes

Levels and vault maps discovered:
D:1:      lemuel_arrival_rhombus, layout_basic
D:2:      layout_loops_corners
D:3:      layout_loops_ring, slow_altar_2, lemuel_coloured_pillars_altar,
          amcnicky_altar_lugonu_corruption, uniq_jessica
D:4:      layout_cave_pods, amcnicky_altar_gilded, nicolae_vehumet_radiance,
          serial_shops, nicolae_shop_behind_doors, shop, nicolae_shop_scrapyard,
          shop, shop, uniq_pikel

Skill      XL: |  1  2  3  4  5 |
---------------+----------------+-----
Axes           | 3 4 |  4.5
Fighting       | 4 |  4.4
Armour         | 1 2 |  2.0
Dodging        | 3 |  3.0
Stealth        | |  0.2

Action                     |  1- 3 |  4- 6 || total
---------------------------+-------+-------++-------
  Melee: Hand axe          |    83 |   132 ||   215
    Use: Scroll            |     1 |       ||     1
 Armour: Chain mail        |    63 |       ||    63
         Ring mail         |     3 |    62 ||    65
  Dodge: Dodged            |    40 |    96 ||   136
